 Dungeon Crawl Stone Soup version 0.28-a0-628-g3c9886e45e (webtiles) character file.

Game seed: 5838517576347644857

1225 mordus the Cleaver (level 8, -2/64 HPs)
             Began as a Hill Orc Fighter on Oct 8, 2021.
             Slain by a gnoll sergeant (3 damage)
             ... on level 4 of the Dungeon.
             The game lasted 00:04:57 (5318 turns).

mordus the Cleaver (Hill Orc Fighter)               Turns: 5318, Time: 00:04:58

Health: -2/64      AC:  9    Str: 21    XL:     8   Next: 47%
Magic:  8/8        EV:  9    Int:  8    God:
Gold:   160        SH:  5    Dex: 10    Spells: 7/7 levels left

rFire   . . .      SeeInvis .   l - +2 hand axe (venom)
rCold   . . .      Faith    .   c - +0 buckler
rNeg    . . .      Spirit   .   b - +0 scale mail
rPois   .          Reflect  .   i - +0 helmet
rElec   .          Harm     .   (no cloak)
rCorr   .          Rampage  .   (no gloves)
Will    .....                   (no boots)
Stlth   ..........              (no amulet)
HPRegen 0.20/turn               (no ring)
MPRegen 0.11/turn               (no ring)

@: no status effects
A: no striking features
a: no special abilities


You were on level 4 of the Dungeon.
You visited 1 branch of the dungeon, and saw 5 of its levels.

You collected 160 gold pieces.

Inventory:

Hand Weapons
 a - a +0 war axe
 l - a +2 hand axe of venom (weapon)
Missiles
 m - 2 throwing nets (quivered)
Armour
 b - a +0 scale mail (worn)
 c - a +0 buckler (worn)
 i - a +0 helmet (worn)
Jewellery
 j - a +4 ring of protection
Wands
 g - a wand of mindburst (12)
 k - a wand of iceblast (7)
Scrolls
 e - a scroll of teleportation
 f - 4 scrolls of identify
 n - a scroll of magic mapping {unknown}
Potions
 d - a potion of might
 h - a potion of attraction {unknown}


   Skills:
 - Level 3.6 Fighting
 * Level 9.6 Axes
 + Level 6.3 Armour
 + Level 6.3 Shields


You had 7 spell levels left.
You didn't know any spells.
Your spell library contained the following spells:

 Spells                   Type           Power      Damage    Failure   Level
 Corpse Rot               Necr/Air       N/A        N/A       86%         2
 Poisonous Vapours        Pois/Air       0%         N/A       86%         2
 Olgreb's Toxic Radiance  Pois           0%         N/A       100%        4
 Ozocubu's Refrigeration  Ice            0%         4d5       100%        7
 Ignition                 Fire           0%         3d3       100%        8


Dungeon Overview and Level Annotations

Branches:
Dungeon (5/15)
 Temple: D:4-7

Altars:
Kikubaaqudgha
The Shining One


Message History

The gnoll sergeant hits you with a +2 vorpal spear!
The gnoll sergeant hits you with a +2 vorpal spear.
There is a stone staircase leading up, spattered with blood here.
You hit the gnoll sergeant but do no damage.
You hit the gnoll sergeant but do no damage.
The gnoll sergeant is poisoned.
The gnoll sergeant barely misses you. x2
You hit the gnoll sergeant.
The gnoll sergeant looks as sick as possible!
The gnoll sergeant is lightly wounded.
The gnoll sergeant hits you with a +2 vorpal spear!
You are too injured to fight recklessly!
You are too injured to fight recklessly!
Your scale mail prevents you from hitting the gnoll sergeant.
The gnoll sergeant is lightly wounded.
The gnoll sergeant closely misses you.
The gnoll sergeant hits you but does no damage.
You barely miss the gnoll sergeant.
The gnoll sergeant is lightly wounded.
You block the gnoll sergeant's attack.
The gnoll sergeant hits you with a +2 vorpal spear.
You completely miss the gnoll sergeant.
The gnoll sergeant is moderately wounded.
You block the gnoll sergeant's attack.
The gnoll sergeant hits you with a +2 vorpal spear.
The gnoll sergeant barely misses you.
The gnoll sergeant hits you with a +2 vorpal spear!
* * * LOW HITPOINT WARNING * * *
x2 You climb upwards.
There is a stone staircase leading down here.
You barely miss the gnoll sergeant.
The gnoll sergeant is moderately wounded.
You slash the gnoll sergeant!
The gnoll sergeant is severely wounded.
The gnoll sergeant hits you with a +2 vorpal spear!
* * * LOW HITPOINT WARNING * * *
x2 You hit the gnoll sergeant but do no damage.
The gnoll sergeant looks as sick as possible!
The gnoll sergeant is severely wounded.
The gnoll sergeant hits you with a +2 vorpal spear.
You die...

#..## #### #..##
##.## #...## ##.).#
### #|...######....#
#.# #.............##
#.####......#.....##
#.........####....##
#(.......##
#.g...####
##(...().##
#@.......#########
##.....####
##............##..
#.###..#
##.....[.........
### #.##
#.....<.........
#.##
#...........#...
##.#
#...##.....###.. #.#
#..######### #.†
#.## #..# #.. #..##
#..# #..


You could see a gnoll sergeant (extremely poisoned).

Vanquished Creatures
  Pikel (D:4)
  Sigmund (D:3)
  A black bear (D:4)
  2 lemures (D:4)
  A scorpion (D:5)
  A water moccasin skeleton (D:2)
  A howler monkey (D:5)
  A crimson imp (D:4)
  A hound (D:3)
  Ijyb (D:3)
  Natasha (twice) (D:4)
  9 gnolls
  6 adders
  A dart slug (D:4)
  5 worms
  4 orcs
  5 bats
  3 endoplasms
  5 giant cockroaches
  6 goblins
  5 hobgoblins
  12 kobolds
  9 ball pythons
  3 frilled lizards
  3 goblin zombies (D:4)
  3 hobgoblin zombies (D:4)
  2 kobold skeletons (D:4)
  2 orc skeletons (D:4)
  2 orc zombies (D:4)
  4 rats (D:1)
102 creatures vanquished.

Vanquished Creatures (others)
  7 plants (D:5)
7 creatures vanquished.

Grand Total: 109 creatures vanquished

Notes
Turn   | Place    | Note
-------+----------+-------------------------------------------
     0 | D:1      | mordus the Hill Orc Fighter began the quest for the Orb.
     0 | D:1      | Reached XP level 1. HP: 19/19 MP: 1/1
    33 | D:1      | Reached skill level 3 in Axes
   201 | D:1      | Reached XP level 2. HP: 15/26 MP: 2/2
   773 | D:1      | Reached XP level 3. HP: 31/31 MP: 3/3
  1309 | D:2      | Reached skill level 4 in Axes
  1321 | D:2      | Reached XP level 4. HP: 13/39 MP: 4/4
  1846 | D:3      | Reached skill level 5 in Axes
  2109 | D:3      | Reached XP level 5. HP: 30/45 MP: 5/5
  2126 | D:3      | Noticed Sigmund
  2380 | D:3      | Killed Sigmund
  2381 | D:3      | Reached skill level 6 in Axes
  2381 | D:3      | Reached XP level 6. HP: 13/51 MP: 6/6
  2618 | D:3      | Found a faded altar of an unknown god.
  2628 | D:3      | Noticed Ijyb
  2649 | D:3      | Killed Ijyb
  3454 | D:4      | Noticed a black bear
  3462 | D:4      | Killed a black bear
  3463 | D:4      | Reached skill level 7 in Axes
  3463 | D:4      | Reached skill level 5 in Armour
  3463 | D:4      | Reached skill level 5 in Shields
  3463 | D:4      | Reached XP level 7. HP: 45/57 MP: 7/7
  3552 | D:4      | Noticed Pikel
  3744 | D:4      | Killed Pikel
  3745 | D:4      | Reached skill level 8 in Axes
  3745 | D:4      | Reached XP level 8. HP: 16/64 MP: 8/8
  4142 | D:4      | Found a glowing golden altar of the Shining One.
  4166 | D:4      | Reached skill level 9 in Axes
  4209 | D:4      | Noticed Natasha
  4217 | D:4      | Killed Natasha
  4356 | D:4      | Noticed Natasha
  4366 | D:4      | Killed Natasha
  4716 | D:5      | Entered Level 5 of the Dungeon
  5039 | D:5      | Found an ancient bone altar of Kikubaaqudgha.
  5317 | D:4      | HP: 3/64 [gnoll sergeant (9)]
  5317 | D:4      | HP: 1/64 [gnoll sergeant (2)]
  5318 | D:4      | Slain by a gnoll sergeant

Illustrated notes

Levels and vault maps discovered:
D:1:      amcnicky_arrival_flooded_fountain, layout_loops_ring,
          minmay_misc_feat_rugged
D:2:      layout_rooms
D:3:      layout_rooms, ebering_ecumenical_altar_box, small_statue_intersection,
          grunt_ministairs_10, uniq_ijyb, uniq_sigmund
D:4:      layout_layer_cave, nicolae_tso_besieged_by_evil,
          hangedman_abyss_or_decor_lesser_grid, uniq_natasha, uniq_pikel
D:5:      layout_basic, mainiacjoe_overflow_chevrons,
          mainiacjoe_overflow_small_starburst, ebering_ghost_sewer_f

Skill      XL: |  1  2  3  4  5  6  7  8 |
---------------+-------------------------+-----
Axes           | 3 4 5 6 7 8 9 |  9.6
Armour         | 4 5 6 |  6.3
Shields        | 4 5 6 |  6.3
Fighting       | |  3.6

Action                   |  1- 3 |  4- 6 |  7- 9 || total
-------------------------+-------+-------+-------++-------
Melee: War axe           |    99 |   126 |       ||   225
       Hand axe          |       |    34 |   121 ||   155
  Use: Scroll            |       |     3 |       ||     3
Armor: Scale mail        |    49 |    61 |    37 ||   147
Dodge: Dodged            |    63 |    82 |    51 ||   196
Block: Buckler           |    23 |    33 |    29 ||    85

Table legend: (Time is in decaauts)
 A = Elapsed time spent in this place.
 B = Non-inter-level travel time spent in this place.
 C = Inter-level travel time spent in this place.
 D = Time resting spent in this place.
 E = Time spent auto-exploring this place.
 F = Levels seen in this place.
 G = Mean time per level.
                   A        B        C        D        E       F      G
               +--------+--------+--------+--------+--------+-----+--------+
         Total |   5366 |   5290 |     76 |   1591 |   2806 |   5 | 1073.2 |
       Dungeon |   5366 |   5290 |     76 |   1591 |   2806 |   5 | 1073.2 |
               +--------+--------+--------+--------+--------+-----+--------+

Top non-repeatable levels by time:
     D:4: 1403 daAuts
     D:2: 1329 daAuts
     D:3: 1143 daAuts
     D:1: 1128 daAuts
     D:5: 361 daAuts
